 Dungeon Crawl Stone Soup version 0.27.1-34-g3ba077fa99 (webtiles) character file.

Game seed: 6112467954014013744

116 zeram the Covert (level 5, -4/34 HPs)
             Began as an Octopode Brigand on Jan 8, 2022.
             Was an Initiate of Dithmenos.
             Killed by divine providence
             ... invoked by an orc priest
              (12 damage)
             ... on level 3 of the Dungeon.
             The game lasted 00:03:51 (2834 turns).

zeram the Covert (Octopode Brigand)                 Turns: 2834, Time: 00:03:52

Health: -4/34      AC:  1    Str: 11    XL:     5   Next: 0%
Magic:  5/5        EV: 12    Int: 14    God:    Dithmenos [......]
Gold:   95         SH:  5    Dex: 13    Spells: 4/4 levels left

rFire    . . .     SeeInvis .   a - +2 dagger
rCold    . . .     Faith    .   (no shield)
rNeg     . . .     Spirit   .   (helmet restricted)
rPois    .         Reflect  +   g - amulet of reflection
rElec    .         Harm     .   (no ring)
rCorr    .         Rampage  .   (no ring)
Will     .....                  (no ring)
Stlth    +++++.....             (no ring)
HPRegen  0.11/turn              (no ring)
MPRegen  0.09/turn              (no ring)
                                (no ring)
                                (no ring)

@: about to teleport
A: almost no armour, amphibious, 8 rings, camouflage 1, gelatinous body 1,
(nimble swimmer 1), tentacles
a: Renounce Religion


You were on level 3 of the Dungeon.
You worshipped Dithmenos.
Dithmenos was noncommittal.
You visited 1 branch of the dungeon, and saw 3 of its levels.

You collected 95 gold pieces.

Inventory:

Hand Weapons
 a - a +2 dagger (weapon)
 f - a +1 whip of venom
Missiles
 b - 3 poisoned darts (quivered)
 c - 2 curare-tipped darts
Jewellery
 g - an amulet of reflection (around mantle)
 h - a +4 ring of protection
Scrolls
 e - a scroll of teleportation
Potions
 d - a potion of curing


   Skills:
 - Level 2.0 Fighting
 - Level 2.0 Short Blades
 - Level 2.0 Throwing
 - Level 1.0 Dodging
 * Level 8.5 Stealth


You had 4 spell levels left.
You didn't know any spells.
Your spell library contained the following spells:

 Spells                   Type           Power      Damage    Failure   Level
 Slow                     Hex            0%         N/A       41%         2
 Confusing Touch          Hex            0%         N/A       65%         3
 Vampiric Draining        Necr           0%         2d6       65%         3


Dungeon Overview and Level Annotations

Branches:
Dungeon (3/15)

Altars:
Cheibriados
Dithmenos
Qazlal


Innate Abilities, Weirdness & Mutations

You cannot wear most types of armour.
You are amphibious.
You can wear up to eight rings at the same time.
Your skin changes colour to match your surroundings (Stealth+).
Your rubbery body absorbs attacks. (AC +1, EV +1)
((You are camouflaged near water. (Stealth+)))
You have tentacles for arms and can constrict up to eight enemies at once.


Message History

An orc comes into view. It is wielding a +0 short sword.
The orc priest invokes the aid of Beogh against you.
Beogh smites you!
An orc comes into view. It is wielding a +0 hand axe.
You hear a shout! x2
You hit the orc. You grab the orc. You squeeze the orc.
You kill the orc!
Dithmenos accepts your kill.
You have reached level 5!
You feel stronger.
You hit the orc priest but do no damage.
You grab the orc priest. You constrict the orc priest.
The orc hits you but does no damage.
The orc priest cheers repeatedly.
The orc priest hits you with a +0 hand axe.
You completely miss the orc priest.
The orc priest is lightly wounded.
You constrict the orc priest, but do no damage.
The orc barely misses you. The orc priest misses you.
You hit the orc priest.
The orc priest is moderately wounded.
You constrict the orc priest, but do no damage.
The orc barely misses you.
The orc priest invokes the aid of Beogh against you.
Beogh smites you!
* * * LOW HITPOINT WARNING * * *
You hear a shout!
It was a potion of curing.
You feel better.
You constrict the orc priest, but do no damage.
An adder comes into view.
The orc closely misses you. The orc priest misses you.
As you read the scroll of teleportation, it crumbles to dust.
You feel strangely unstable.
You constrict the orc priest, but do no damage.
The orc barely misses you. The orc priest barely misses you.
You release your grip on the orc priest.
An orc priest comes into view. It is wielding a +0 short sword.
The orc priest mumbles some strange prayers to Beogh against you.
Beogh smites you!
You die...

#. .# #.## .### #
##... ...#### #.
#...####......#
#.# #..... S....
..##..#. ...#
#.#.#..$###o..#
#........@o)..#
#####.[#####o.#
#..# .# #..# #
#..# ##.
#######..###.....
.>..........≈≈...
##..........≈≈≈..
#.####......≈.....


You could see 2 orc priests and an orc.

Vanquished Creatures
  An iron imp (D:3)
  2 adders (D:2)
  3 worms
  4 dart slugs
  An orc (D:3)
  7 endoplasms
  A giant cockroach (D:1)
  A goblin (D:2)
  9 hobgoblins
  3 quokkas
  5 bats
  3 frilled lizards
  5 kobolds
  4 rats
49 creatures vanquished.

Vanquished Creatures (others)
  A giant cockroach (D:1)
  A goblin (D:1)
2 creatures vanquished.

Grand Total: 51 creatures vanquished

Notes
Turn   | Place    | Note
-------+----------+-------------------------------------------
     0 | D:1      | zeram the Octopode Brigand began the quest for the Orb.
     0 | D:1      | Reached XP level 1. HP: 14/14 MP: 1/1
   257 | D:1      | Reached XP level 2. HP: 19/19 MP: 2/2
   301 | D:1      | Reached skill level 6 in Stealth
   577 | D:1      | Found a faded altar of an unknown god.
  1254 | D:1      | Reached XP level 3. HP: 24/24 MP: 3/3
  1359 | D:2      | Reached skill level 7 in Stealth
  1917 | D:2      | Reached XP level 4. HP: 29/29 MP: 4/4
  1962 | D:2      | Found a shadowy altar of Dithmenos.
  1971 | D:2      | Became a worshipper of Dithmenos the Shadowed
  2530 | D:3      | Found a snail-covered altar of Cheibriados.
  2543 | D:3      | Reached skill level 8 in Stealth
  2804 | D:3      | Found a stormy altar of Qazlal.
  2829 | D:3      | Reached XP level 5. HP: 19/34 MP: 5/5
  2834 | D:3      | Killed from afar by an orc priest

Illustrated notes

Levels and vault maps discovered:
D:1:      moated_graveyard_arrival, layout_basic,
          hellmonk_ecumenical_altar_run_dry, lemuel_flame_loot_1
D:2:      layout_basic, basic_altar, chequers_serial_rivers_micro_b,
          minmay_increasing_density
D:3:      layout_loops_ring, lemuel_doored_altar, slow_altar_2,
          lemuel_old_faithful

Skill      XL: |  1  2  3  4 |
---------------+-------------+-----
Stealth        | 6 7 8 |  8.5
Fighting       | |  2.0
Short Blades   | |  2.0
Throwing       | |  2.0
Dodging        | |  1.0

Action                   |  1- 3 |  4- 6 || total
-------------------------+-------+-------++-------
Melee: Dagger            |    51 |    44 ||    95
       Constrict         |    10 |     9 ||    19
       Tentacles         |     2 |    10 ||    12
Throw: Dart              |     5 |       ||     5
  Use: Scroll            |       |     2 ||     2
       Potion            |       |     1 ||     1
 Stab: Sleeping          |    14 |     4 ||    18
       Distracted        |       |     1 ||     1
Armor: Skin              |     1 |     7 ||     8
Dodge: Dodged            |    15 |    18 ||    33
Block: Other             |     4 |       ||     4
